 Dungeon Crawl Stone Soup version 0.24-a0-725-gf1a930fc54 (webtiles) character file.

Game seed: 2674983787704630789, levelgen mode: deterministic

9 Kairok the Sneak (level 2, -10/15 HPs)
             Began as a Vine Stalker Assassin on Oct 1, 2019.
             Mangled by a gnoll
             ... wielding a +0 flail
              (13 damage)
             ... on level 1 of the Dungeon.
             The game lasted 00:00:42 (112 turns).

Kairok the Sneak (Vine Stalker Assassin)             Turns: 112, Time: 00:00:43

Health: -10/15     AC:  3    Str: 13    XL:     2   Next: 16%
Magic:  0/3        EV: 11    Int: 11    God:
Gold:   0          SH:  0    Dex: 15    Spells: 1/1 levels left

rFire    . . .     SeeInvis .   a - +2 dagger
rCold    . . .     Gourm    .   (no shield)
rNeg     . . .     Faith    .   b - +0 robe
rPois    .         Spirit   +   (no helmet)
rElec    .         Reflect  .   c - +0 cloak
rCorr    .         Harm     .   (no gloves)
MR       .....                  (no boots)
Stlth    +++.......             (no amulet)
HPRegen  0.05/turn              (no ring)
MPRegen  0.08/turn              (no ring)

@: no status effects
A: fangs 2, magic shield, antimagic bite, no potion heal 3, rot immunity
a: no special abilities


You were on level 1 of the Dungeon.
You were not hungry.

You visited 1 branch of the dungeon, and saw 1 of its levels.

Inventory:

Hand Weapons
 a - a +2 dagger (weapon)
Missiles
 d - 7 poisoned darts (quivered)
 e - 2 curare-tipped darts
Armour
 b - a +0 robe (worn)
 c - a +0 cloak (worn)
Scrolls
 g - a scroll of noise {unknown}
Comestibles
 f - a ration


   Skills:
 + Level 2.0 Fighting
 + Level 1.7 Short Blades
 + Level 1.9 Throwing
 + Level 0.7 Dodging
 + Level 5.3 Stealth


You had one spell level left.
You didn't know any spells.
Your spell library was empty.

Dungeon Overview and Level Annotations

Branches:
Dungeon (1/15)

Altars:


Innate Abilities, Weirdness & Mutations

You have extremely sharp teeth.
When hurt, damage is shared between your health and your magic reserves.
Your bite disrupts and absorbs the magic of your enemies.
Potions cannot restore your health.
You are immune to rotting.


Message History

3 stones; a kobold corpse A rat comes into view.
A gnoll comes into view. It is wielding a +0 flail.
The gnoll shouts!
The gnoll hits you with a +0 flail!
* * * LOW HITPOINT WARNING * * *
The rat barely misses you.
Things that are here:
a +0 club; a hobgoblin corpse You aren't carrying any items that you can evoke.
Unknown command.
Throwing (i - inventory. (/) - cycle)
d - 8 poisoned darts (quivered)
Press: ? - help, Shift-Dir - straight line, f - gnoll
Aim: a gnoll, wielding a +0 flail You throw a poisoned dart.
The poisoned dart barely misses the gnoll.
The poisoned dart barely misses the rat.
The gnoll hits you with a +0 flail!
Ouch! That really hurt!
You die...

#############.........#
#>..†.......+.........#
##########.###.#######.........##
.........#...#.# #...........
....####.#.#.#.# #####..r....#
.......†...#.#.# #.#†###.....#
....####)#.#.#.## #...r.......#
.............#..#####)#(#######..
....###.##......@g.r.(### ..
...............######.# .
#######.######.# #... #.....# #.#
#.### .....#.#.# #.. ###
######.#.# ### #.#.# #.#.. #.###


You could see a gnoll and a rat.

Vanquished Creatures
  3 bats (D:1)
  2 hobgoblins (D:1)
  A kobold (D:1)
  A ball python (D:1)
  2 rats (D:1)
9 creatures vanquished.

Notes
Turn   | Place    | Note
-------+----------+-------------------------------------------
     0 | D:1      | Kairok the Vine Stalker Assassin began the quest for the
                  | Orb.
     0 | D:1      | Reached XP level 1. HP: 11/11 MP: 2/2
    42 | D:1      | Reached skill level 5 in Stealth
    77 | D:1      | Reached XP level 2. HP: 11/15 MP: 3/3
   112 | D:1      | Mangled by a gnoll

Levels and vault maps discovered:
D:1:      sevenhm_arrival_forest_fort_small_6, layout_basic,
          grunt_decor_fettered, minmay_pentomino_v2

Skill      XL: |  1 |
---------------+----+-----
Stealth        | 5 |  5.3
Fighting       | 2 |  2.0
Short Blades   | |  1.7
Throwing       | |  1.9
Dodging        | |  0.7

Action                   || total
-------------------------++-------
Melee: Dagger            ||    27
       Bite              ||     8
Throw: Dart              ||     1
Armor: Robe              ||    10
Dodge: Dodged            ||    17

Table legend:
 A = Non-vault XP
 B = Vault XP
 C = Vault XP percentage of total XP
 D = Non-vault monster count
 E = Vault monster count
 F = Vault count percentage of total count
                 A         B        C        D         E       F
            +---------+---------+-------+---------+---------+-------
      Total |      14 |       0 |   0.0 |       9 |       0 |   0.0
            +---------+---------+-------+---------+---------+-------
        D:1 |      14 |       0 |   0.0 |       9 |       0 |   0.0
            +---------+---------+-------+---------+---------+-------
